Cogmind - Beta 14 @@@ ROGUE MODE // 2025.01.17 @ 13:08:28 Player: UberDoot Result: Destroyed by DAS Turret with DAS Cannon Performance ------------- Evolutions (1) 500 Regions Visited (5) 1000 Robots Destroyed (37) 185 Value Destroyed (713) 713 Prototype IDs (2) 40 Alien Tech Used (0) 0 Bonus (-106) -106 TOTAL SCORE: 2332 Bonus ------- Follower Combat Kills 35 Friendly Fire -141 Cogmind --------- Core Integrity 0/400 Matter 134/300 Energy 310/310 System Corruption 0% Temperature Cool (0) Movement Walking (190) Ox1 Location -9/Exiles Parts ------- > --- POWER (1) -------- Reinforced Fission Core > --- PROPULSION (3) --- Advanced Myomer Leg > --- UTILITY (2) ------ (None) > --- WEAPON (3) ------- Beamcaster Improved Assault Rifle Rocket Launcher > --- INVENTORY (5) ---- Light Angular Momentum Engine High-capacity Matter Pod (0) Experimental Targeting Computer 8R-AWN's Boregun Peak State ------------ > --- POWER ------------ Reinforced Fission Core > --- PROPULSION ------- Aluminum Leg Advanced Myomer Leg > --- UTILITY ---------- Hardened Light Armor Plating Hardened Light Armor Plating > --- WEAPON ----------- Beamcaster Improved Assault Rifle Rocket Launcher > --- INVENTORY -------- Light Angular Momentum Engine High-capacity Matter Pod Experimental Targeting Computer 8R-AWN's Boregun [Rating: 31] Favorites ----------- Power Ion Engine Engine Ion Engine Power Core Reinforced Fission Core Propulsion Light Treads Treads Light Treads Leg Aluminum Leg Wheel Wheel Utility Seismic Detector Device Seismic Detector Storage High-capacity Storage Unit Protection Hardened Light Armor Plating Weapon Small Laser Energy Gun Small Laser Ballistic Gun Improved Assault Rifle Launcher Rocket Launcher Impact Weapon Hammer Build | -11 -10 -10 -9 -9 -9 ------- Run | Yrd Mat Min Mat Min Exi Slots Evolved 2 | . . . 2 . . Power . | . . . . . . Propulsion 1 | . . . 1 . . Utility . | . . . . . . Weapon 1 | . . . 1 . . Parts Attached 54 | 7 13 2 14 1 17 Power 5 | 1 1 . 2 . 1 Engine 4 | 1 1 . 2 . . Core 1 | . . . . . 1 Reactor . | . . . . . . Propulsion 11 | 2 3 . 4 . 2 Treads 5 | . 2 . 3 . . Leg 4 | 2 . . . . 2 Wheel 2 | . 1 . 1 . . Hover . | . . . . . . Flight . | . . . . . . Utility 13 | 2 3 . 2 1 5 Device 4 | 1 1 . 1 1 . Storage 3 | 1 2 . . . . Processor . | . . . . . . Hackware . | . . . . . . Protection 6 | . . . 1 . 5 Artifact . | . . . . . . Weapon 25 | 2 6 2 6 . 9 Energy Gun 8 | 1 2 1 1 . 3 Energy Cannon . | . . . . . . Ballistic Gun 11 | 1 2 . 4 . 4 Ballistic Cannon . | . . . . . . Launcher 2 | . . . . . 2 Special Weapon . | . . . . . . Impact Weapon 4 | . 2 1 1 . . Slashing Weapon . | . . . . . . Piercing Weapon . | . . . . . . Special Melee Weapon . | . . . . . . Unidentified Prototypes 2 | . . . 1 . 1 Parts Lost 13 | . . . 1 . 12 Power 1 | . . . . . 1 Propulsion 5 | . . . 1 . 4 Utility 3 | . . . . . 3 Weapon 4 | . . . . . 4 Highest Loss Streak 6 | . . . 1 . 6 To Critical Strikes 6 | . . . . . 6 Average Slot Usage (%) 96 | . 99 100 99 100 84 Engine 11 | . 13 14 11 11 8 Treads 15 | . 8 14 21 22 16 Leg 4 | . 12 . . . 2 Wheel 9 | . 8 14 11 11 7 Device 10 | . 13 14 9 11 2 Storage 10 | . 14 14 11 11 2 Protection 2 | . . . 1 . 10 Energy Gun 11 | . 14 5 15 11 9 Ballistic Gun 16 | . 11 14 16 22 20 Impact Weapon 1 | . 2 8 . . . Peak Build Rating 31 | 7 11 11 21 21 31 Average Rating 14 | 5 8 11 17 21 19 On Entrance 11 | . 7 11 11 21 21 Naked Turns 3 | . . . . . 3 Heaviest Build 59 | 14 50 51 59 59 59 Greatest Support 40 | 20 20 10 40 40 40 Greatest Overweight (x) 5 | 1 4 5 5 5 5 Average Overweight (x) 2 | . 1 4 4 4 2 Largest Inventory Capacity 20 | 8 20 20 20 20 20 Average Capacity 15 | 7 15 20 20 20 8 Most Carried 20 | 7 20 20 20 20 20 Average Carried 13 | 4 11 20 19 20 7 Final Capacity 20 | 8 20 20 20 20 5 Final Carried 20 | 7 20 20 20 20 4 Class Distribution -------------------- 46% | Mutant 35% | Scavenger-Gunner 7% | Scavenger-Tank 4% | Tank 3% | Gunner Dominant Class ---------------- Mutant | -10/Materials Mutant | -10/Mines Scavenger-Gunner | -9/Materials Scavenger-Gunner | -9/Mines Scavenger-Gunner | -9/Exiles Resources | -11 -10 -10 -9 -9 -9 ----------- Run | Yrd Mat Min Mat Min Exi Matter Collected 1556 | 303 397 125 325 34 372 Remotely . | . . . . . . Salvage Created 1300 | 52 452 . 641 43 112 Parts 87 | 6 28 . 44 5 4 Haulers Intercepted 2 | . 1 . 1 . . Recyclers Shooed 6 | 1 5 . . . . Parts Field Recycled . | . . . . . . Retrieved Matter . | . . . . . . Parts Self-Destructed . | . . . . . . Prevented . | . . . . . . Kills | -11 -10 -10 -9 -9 -9 ------- Run | Yrd Mat Min Mat Min Exi Combat Hostiles Destroyed 26 | . 10 . 13 . 3 Melee 1 | . 1 . . . . Guns 22 | . 8 . 13 . 1 AOE 2 | . . . . . 2 Classes Destroyed 10 | 1 6 . 2 . 1 Worker 1 | . 1 . . . . Tunneler 5 | 3 . . . 2 . Hauler 2 | . 1 . 1 . . Recycler 1 | . 1 . . . . Mechanic 1 | . 1 . . . . Watcher 2 | . . . 2 . . Swarmer 10 | . 6 . 4 . . Grunt 7 | . 4 . 3 . . Sentry 6 | . . . 6 . . Assembled 2 | . . . . . 2 Thug 1 | . . . 1 . . Best Kill Streak 10 | 2 4 . 10 1 2 Combat Bots Only 10 | . 3 . 10 . 2 Max Kills in Single Turn 2 | 1 1 . 1 1 2 Gunslinging . | . . . . . . Exploded 2 | . . . . . 2 Melee 1 | . 1 . . . . Uniques/NPCs Destroyed 1 | . . . . . 1 8R-AWN (-9/Exiles) Combat | -11 -10 -10 -9 -9 -9 -------- Run | Yrd Mat Min Mat Min Exi Hostile Shots Fired 221 | . 44 . 67 . 110 Missed 45 | . 11 . 18 . 16 Damage Taken 2852 | . 363 . 573 . 1916 Core 531 | . 91 . 47 . 393 Absorbed by Shields . | . . . . . . Regen/Repaired (Parts) 54 | . 54 . . . . Core Remaining (%) 81 | 100 . 63 . . . Volleys Fired 151 | 11 40 1 38 4 57 Largest 3 | 2 2 2 3 3 3 Hottest 138 | 60 63 63 138 121 121 Shots Fired 342 | 22 75 2 105 12 126 Gun 332 | 22 75 2 105 12 116 Cannon . | . . . . . . Launcher 10 | . . . . . 10 Special . | . . . . . . Kinetic 232 | 11 40 1 70 8 102 Thermal 100 | 11 35 1 35 4 14 Explosive 10 | . . . . . 10 Electromagnetic . | . . . . . . Robot Hit Streak 17 | 5 13 2 17 3 12 Robot Miss Streak 9 | 4 5 1 9 2 2 Penetration Max . | . . . . . . Secondary Targets 4 | . 1 . 3 . . Max Gunslinging Chain 1 | . 1 . 1 . . Shots Hit Robots 223 | 12 50 1 65 7 88 Core Hits 75 | 3 21 . 25 2 24 Critical Kills . | . . . . . . Critical Parts Destroyed 1 | . 1 . . . . Critical Strikes 2 | . 1 . 1 . . Burn 1 | . . . 1 . . Smash 1 | . 1 . . . . Melee Attacks 23 | . 18 3 2 . . Impact 23 | . 18 3 2 . . Slashing . | . . . . . . Piercing . | . . . . . . Sneak Attacks 1 | . 1 . . . . Combat Hostiles 1 | . 1 . . . . Follow-up Attacks . | . . . . . . Damage Inflicted 3506 | 158 709 14 866 135 1624 Guns 3019 | 158 545 14 866 124 1312 Cannons . | . . . . . . Explosions 312 | . . . . . 312 Melee 154 | . 154 . . . . Ramming 21 | . 10 . . 11 . Kinetic 2262 | 105 344 14 515 83 1201 Thermal 757 | 53 201 . 351 41 111 Explosive 312 | . . . . . 312 Electromagnetic . | . . . . . . Impact 154 | . 154 . . . . Slashing . | . . . . . . Piercing . | . . . . . . Highest Corruption . | . . . . . . Average Corruption . | . . . . . . Corruption Purged . | . . . . . . Corruption Blocked . | . . . . . . Overload Shots . | . . . . . . Overflow Damage 22 | . 22 . . . . Projectiles . | . . . . . . Explosions . | . . . . . . Melee 22 | . 22 . . . . Knockbacks 1 | . 1 . . . . Impact 1 | . 1 . . . . Kinetic . | . . . . . . Secondary . | . . . . . . Self-Inflicted Damage . | . . . . . . Shots . | . . . . . . Rammed 1 | . . . . 1 . Targets Rammed 3 | . 2 . . 1 . Kicked 2 | . 2 . . . . Crushed . | . . . . . . Highest Temperature 316 | 20 102 22 316 140 312 Average Temperature 101 | 15 42 11 104 58 118 Received Heat Transfer 291 | . 132 . 159 . . Effects 3 | . . . . . 3 Energy Bleed 1 | . . . . . 1 Interference 2 | . . . . . 2 Siege Activations . | . . . . . . Robots Corrupted 1 | . 1 . . . . Combat Hostiles 1 | . 1 . . . . Parts Fried . | . . . . . . Impact Corruptions 1 | . 1 . . . . Robots Melted . | . . . . . . Combat Hostiles . | . . . . . . Parts Melted 2 | . . . 2 . . Heat Transferred 1542 | 125 475 . 796 74 72 Parts Sabotaged . | . . . . . . Parts Stolen . | . . . . . . Parts Stripped . | . . . . . . Power Chain Reactions . | . . . . . . Alert | -11 -10 -10 -9 -9 -9 ------- Run | Yrd Mat Min Mat Min Exi Peak Influence 352 | 15 169 81 352 161 . Initial 116 | . 9 5 31 116 . Average 75 | 5 37 6 237 75 . Maximum Alert Level 1 | . . . 1 . . Low Security (%) 88 | 100 100 100 33 100 . Level 1 11 | . . . 66 . . Level 2 . | . . . . . . Level 3 . | . . . . . . Level 4 . | . . . . . . Level 5 . | . . . . . . High Security . | . . . . . . Max Security . | . . . . . . Squads Dispatched 4 | . 2 . 2 . . Investigation 1 | . 1 . . . . Extermination . | . . . . . . Reinforcement 3 | . 1 . 2 . . Assault . | . . . . . . Garrison . | . . . . . . Intercept . | . . . . . . Searches Triggered . | . . . . . . Construction Impeded . | . . . . . . Haulers Reinforced . | . . . . . . Active Scanning Responses . | . . . . . . Cargo Convoy Interrupts . | . . . . . . Stealth | -11 -10 -10 -9 -9 -9 --------- Run | Yrd Mat Min Mat Min Exi Distress Signals 1 | . . . 1 . . Communications Jammed . | . . . . . . Distress Signals . | . . . . . . Times Spotted 48 | . 20 . 21 1 6 Peak Tracking Total 9 | . 3 . 6 1 9 Tactical Retreats 1 | . . . 1 . . Traps | -11 -10 -10 -9 -9 -9 ------- Run | Yrd Mat Min Mat Min Exi Traps Triggered 1 | . 1 . . . . Indirectly . | . . . . . . Trap Hack Attempts . | . . . . . . Triggered . | . . . . . . Disarmed . | . . . . . . Reprogrammed . | . . . . . . Reused . | . . . . . . Traps Extracted . | . . . . . . Installed . | . . . . . . Triggered . | . . . . . . Machines | -11 -10 -10 -9 -9 -9 ---------- Run | Yrd Mat Min Mat Min Exi Machines Disabled 5 | . . . . . 5 Max in Single Turn 1 | . . . . . 1 Machines Repaired . | . . . . . . Machines Dismantled . | . . . . . . Machines Sabotaged . | . . . . . . Overloaded Fab Kills . | . . . . . . Hacking | -11 -10 -10 -9 -9 -9 --------- Run | Yrd Mat Min Mat Min Exi Machines Accessed 10 | . 7 . 2 . 1 Terminals 7 | . 5 . 2 . . Fabricators . | . . . . . . Repair Stations 1 | . 1 . . . . Recycling Units 1 | . 1 . . . . Scanalyzers . | . . . . . . Garrison Access . | . . . . . . Total Hacks 25 | . 18 . 6 . 1 Successful 12 | . 8 . 3 . 1 Failed 13 | . 10 . 3 . . Catastrophic 2 | . 2 . . . . Database Lockouts . | . . . . . . Manual 12 | . 9 . 3 . . Terminals 18 | . 12 . 6 . . Fabricators . | . . . . . . Repair Stations 5 | . 5 . . . . Recycling Units 1 | . 1 . . . . Scanalyzers . | . . . . . . Garrison Access . | . . . . . . Terminal Hacks 5 | . 2 . 2 . 1 Record 1 | . . . . . 1 Robot Schematic 1 | . 1 . . . . Branch Access Points 1 | . . . 1 . . Hauler Manifests 2 | . 1 . 1 . . Fabricator Hacks . | . . . . . . Repair Station Hacks 4 | . 4 . . . . Scan Component 2 | . 2 . . . . Repair 2 | . 2 . . . . Recycling Unit Hacks 1 | . 1 . . . . Retrieve Components 1 | . 1 . . . . Scanalyzer . | . . . . . . Garrison Access Hacks . | . . . . . . Unauthorized Hacks 2 | . 1 . 1 . . Terminals 2 | . 1 . 1 . . Botnet 2 | . 1 . 1 . . Fabricators . | . . . . . . Repair Stations . | . . . . . . Recycling Units . | . . . . . . Scanalyzers . | . . . . . . Garrison Access . | . . . . . . Data Cores Recovered . | . . . . . . Used . | . . . . . . Hacking Detections 8 | . 6 . 2 . . Full Trace Events 1 | . 1 . . . . Feedback Events . | . . . . . . Feedback Blocked . | . . . . . . Robot Schematics Acquired 1 | . 1 . . . . Robots Built . | . . . . . . Authchips . | . . . . . . Time . | . . . . . . Total Robot Build Rating . | . . . . . . Part Schematics Acquired . | . . . . . . Parts Built . | . . . . . . Authchips . | . . . . . . Time . | . . . . . . Total Part Build Rating . | . . . . . . Parts Repaired 2 | . 2 . . . . Time 52 | . 52 . . . . Parts Recycled . | . . . . . . Recycled Matter . | . . . . . . Retrieved Matter . | . . . . . . Retrieved Components 1 | . 1 . . . . Parts Scanalyzed . | . . . . . . Part Schematics Acquired . | . . . . . . Parts Damaged . | . . . . . . Bothacking | -11 -10 -10 -9 -9 -9 ------------ Run | Yrd Mat Min Mat Min Exi Used RIF Installer . | . . . . . . Robots Hacked . | . . . . . . Non-combat . | . . . . . . Combat . | . . . . . . Robot Hacks Applied . | . . . . . . Relay Couplers Released . | . . . . . . Fabnet Peak Effective % . | . . . . . . Robots Rewired . | . . . . . . Allies Hacked . | . . . . . . Hacks Repelled . | . . . . . . Allies | -11 -10 -10 -9 -9 -9 -------- Run | Yrd Mat Min Mat Min Exi Total Allies 6 | . . 3 . 3 . Largest Group 3 | . . 2 1 3 3 Highest-Rated Group 59 | . . 59 31 40 40 Highest-Rated Ally 31 | . . 31 31 16 16 Total Orders 1 | . . . . . 1 STAY 1 | . . . . . 1 Ally Attacks 43 | . . 15 7 11 10 Total Damage 413 | . . 210 64 70 69 Kills 11 | . . 6 . 3 2 Allies Corrupted . | . . . . . . Allies Melted . | . . . . . . Intel | -11 -10 -10 -9 -9 -9 ------- Run | Yrd Mat Min Mat Min Exi Robot Analysis Total . | . . . . . . Derelict Logs Recovered 1 | . . . . 1 . Drone Launches . | . . . . . . Drone Recoveries . | . . . . . . Exploration | -11 -10 -10 -9 -9 -9 ------------- Run | Yrd Mat Min Mat Min Exi Turns Passed 5065 | 122 1677 566 672 856 1172 Spaces Moved 2625 | 68 832 166 274 541 744 Core 22 | 15 . . . . 7 Treads 47 | . . . 41 1 5 Legs 580 | 53 433 . . . 94 Wheels 1976 | . 399 166 233 540 638 Hover . | . . . . . . Flight . | . . . . . . Fastest Speed 50 | 50 120 140 140 155 50 Average Speed 136 | 106 129 140 167 155 121 Slowest Speed 300 | 120 140 155 240 240 300 Overloaded Moves . | . . . . . . Propulsion Burnouts . | . . . . . . Robots Hopped . | . . . . . . Cave-ins Triggered . | . . . . . . Exploration Rate (%) 51 | 5 89 35 26 98 57 Regions Visited 5 Branch Regions 3 Pre-discovered Areas 2 | . . . . 1 1 Known Exits Taken 1 | . . . 1 . . Unknown Exits Taken 4 | 1 1 1 . 1 . Scrap Searched 1 | . . . . 1 . Spaces Dug 11 | . 7 3 1 . . Terrain Destroyed 31 | . 7 3 1 . 20 Melee 11 | . 7 3 1 . . Projectile . | . . . . . . AOE 20 | . . . . . 20 Terrain Rammed . | . . . . . . Walls Destroyed . | . . . . . . Machines Disabled . | . . . . . . Actions | -11 -10 -10 -9 -9 -9 --------- Run | Yrd Mat Min Mat Min Exi Total 3795 | 92 1327 490 427 548 911 Wait 820 | . 387 319 51 1 62 Move 2620 | 67 831 165 273 540 744 Hop . | . . . . . . Pick Up 65 | 7 23 . 22 . 13 Fast Attach 21 | 7 2 . 4 . 8 Attach 10 | . . . 4 . 6 Detach 5 | . . . 1 . 4 Swap 23 | . 11 2 6 1 3 Drop 54 | . 13 . 26 1 14 Fire 151 | 11 40 1 38 4 57 Melee 23 | . 18 3 2 . . Ram . | . . . . . . Kick 2 | . 2 . . . . Crush 1 | . . . . 1 . Escape Stasis . | . . . . . . Rewire . | . . . . . . Trap . | . . . . . . Miscellaneous . | . . . . . . Route ------- -11/Scrapyard -10/Materials (discovered 3 exits: *Mat x2 / [*Min]) -10/Mines -9/Materials (discovered 3 exits: *Min x2 / Sto) -9/Mines (discovered 3 exits: [*Mat x2] / *Exi) -9/Exiles (discovered 2 exits: [*Min x2]) History --------- Turn | Location | Event 4 | -11/Scrapyard | Discovered new exit (range 15) 123 | -11/Scrapyard | Entered Materials 308 | -10/Materials | Build established: Mutant 457 | -10/Materials | Discovered new exit (range 4) 932 | -10/Materials | Discovered new exit (range 8) 1692 | -10/Materials | Repaired Seismic Detector? 1727 | -10/Materials | Repaired Ion Engine 1781 | -10/Materials | Discovered new exit (range 8) 1800 | -10/Materials | Entered Mines 1801 | -10/Mines | Assembled infested the area 2238 | -10/Mines | Received a Mining Laser from a helpful Derelict 2356 | -10/Mines | Discovered new exit (range 5) 2366 | -10/Mines | Entered Materials 2366 | -9/Materials | Accompanied by 2 allies 2366 | -9/Materials | Evolved 2 slots: Propulsion x1, Weapon x1 2444 | -9/Materials | Discovered new exit (range 16) 2542 | -9/Materials | Destroyed 10 combat bots 2786 | -9/Materials | Identified exit to Mines 2786 | -9/Materials | Identified exit to Storage 2932 | -9/Materials | Build established: Scavenger-Gunner 3038 | -9/Materials | Entered Mines 3098 | -9/Mines | Discovered new exit (range 7) 3245 | -9/Mines | Assisted by bots powering up and referring to "LRC-V3" 3270 | -9/Mines | Learned location of Zion (-6) 3282 | -9/Mines | Discovered new exit (range 4) 3679 | -9/Mines | Deemed a non-threat by the Exiles lab entrance 3680 | -9/Mines | Discovered new exit (range 5) 3894 | -9/Mines | Entered Exiles 3894 | -9/Exiles | Accompanied by 3 allies 3918 | -9/Exiles | Discovered new exit (range 15) 3963 | -9/Exiles | Met 8R-AWN 3991 | -9/Exiles | Met EX-HEX 4037 | -9/Exiles | Met EX-BIN 4085 | -9/Exiles | Met EX-DEC 4170 | -9/Exiles | Discovered new exit (range 14) 4623 | -9/Exiles | Attacked by the Exiles 4734 | -9/Exiles | Build established: Scavenger-Tank 4819 | -9/Exiles | Lost 6 parts (1p3n1u1w) 4840 | -9/Exiles | Core integrity fell below 50% 4894 | -9/Exiles | Destroyed 8R-AWN 4937 | -9/Exiles | Found Prototype Ballistic Gun 4941 | -9/Exiles | Found Prototype Processor 5059 | -9/Exiles | Core integrity fell below 20% 5066 | -9/Exiles | Destroyed by DAS Turret with DAS Cannon Last Messages --------------- 04886_ Penetrated by HV Slug. 04890_ HV Slug penetrates Wall. 04890_ Penetrated by HV Slug. 04894_ 8R-AWN destroyed. 04900_ Acquired 110 matter. 04901_ Acquired Prototype Leg. 04901_ Identified Adv. Myomer Leg. 04908_ Acquired 27 matter. 04910_ Acquired Aluminum Leg. 04927_ Acquired Rnf. Fission Core. 04931_ Acquired Lgt. Angular Momentum Engine. 04937_ Acquired Prototype Ballistic Gun. 04941_ Acquired Prototype Processor. 04942_ Extracted 55 matter. 04943_ Acquired Hcp. Matter Pod. 05004_ Acquired 1 matter. 05023_ Acquired 9 matter. 05029_ Acquired 15 matter. 05048_ Hrd. Light Armor Plating destroyed. 05060_ Aluminum Leg destroyed. Map ----- +----------------------------------------------------+ | ??????????????????????????????????????????????? | | ??????????????????????????????????????????????# | | ?????????????????????????????????????????????? | | ?????????????????????????????????????????????? | | ??????????????????????????????????????????????# | | #?????????????????????????????????????????????# | | #?????????????????????????????????????????????# | | #?????????????????????????????????????????????# | | ??????????????????????????????????????????????# | | #????????????????????????????????????????????## | | #????????????#######?????????????????????????#" | | #######??????#!!! "#?????????????????????????#" | | #""##?????# "#?????????????????????????#" | | #?????# #?????????????????????????#" | | ##???## "#????????????##???????????#" | | #####" ""#???????????? """????????#" | | ##" ""#????????????" """#???????## | | # " ###???????????"" ?????????# | | "## ##????????????"" ?????????#" | | ###### ####?????????"" "#????????#" | | ?????### #????????? ""?????????#" | | ####### #???####???" ""????????##" | | !!"" ##??? #???# #??#?????##"" | | ! "### #####%#?## # #######"" | | ! #?#; ;;###X ##""""""" | | ! ##?#; @ % """ " "" | | ! " ""#??##" % """ " | | """##"### #???#### " | | ### ##?# #??????##; | | #?# #???# #???????#### | | ?# #????# #??????????## = | | # #?????# #???????????# =%!% | | #??????# #???????????## % | | #???????# #????????????# """""" | | ????????? #????????????# ######" | | ????????? #????????????# ""##????## | | ????????? ????????????? """##??????? | | ????????? ?????????????" """##???????? | | ????????? ?????????????" ""#????????? | | ????????? ?????????????" ##????????? | | ????????? ?????????????" ????????? | | ???????????????????????"" ???????? | | ????????????????????????"" ??????? | | ???????????????????????#"""" ??????? | | ????????????????????????? ???????? | | ??????????????????????????? ????????? | | ???????????????????????????"" ?????????? | | ????????????????????????????? ???????????? | | ?????????????????????????????????????????????????? | | ?????????????????????????????????????????????????? | +----------------------------------------------------+ Best States ------------- Heat Dissipation 28 Energy Generation 19 Energy Capacity 310 Matter Stores 300 Matter Capacity 300 Sight Range 16 Terrain Scan Density 10 Armor Coverage 375 Evasion (%) 55 Recoil Reduction 2 Item Schematics ----------------- None Robot Schematics ------------------ S-10 Pest | -10/Materials | Hacked Fabricated ------------ Nothing Alien Tech Used ----------------- None Achievements -------------- None Challenges ------------ None Game ------ Seed WeaponCentriumFragment Manual? 0 Play Time 00:39:41 Cumulative 94.7 hours Start 2024.12.05 @ 02:11:09 End 2025.01.17 @ 13:08:28 Sessions 6 Manual Loads 0 Difficulty Rogue Special Mode None Game No. 58 Rogue 58 Adventurer 0 Explorer 0 Win Type - Total 1 Types 1/0/0/0/0/0/0/0/0 Lore% 47 Gallery% 59 Achievement% 48 Wizard Run 0 Options --------- Layout 2 ASCII 0 Keyboard 1 Movement Numpad Keybinds 0 Fullscreen 2 Font 24/Terminus Map View 50x49 Zoom Use 0% Tactical HUD 1 Map Filters NONE Filters NONE Steam 1 RUN: 29b67966-8193-42ee-a531-db91134857a0